 Dungeon Sprint DCSS version 0.31-a0-740-g87205ac768 (webtiles) character file.

Game seed: 6669358375088185453

2200000 sentinel the Portalist (level 13, -52/49 HPs)
             Began as a Felid Warper on Sept 12, 2023.
             Annihilated by a meat berserker
             ... wielding a +9 battleaxe
              (58 damage)
             ... in the Dungeon (Sprint VIII: "Arena of Blood").
             The game lasted 00:02:01 (22 turns).

sentinel the Portalist (Felid Warper)                 Turns: 22, Time: 00:02:01

Health: -52/49     AC:  3    Str:  7    XL:     13   Next: 40%
Magic:  35/35      EV: 18    Int: 15    God:
Gold:   0          SH:  0    Dex: 20    Spells: 46/46 levels left
                                        Lives:  0   Deaths: 3

rFire   . .          .
                       - Unarmed
rCold   + . .        (shield unavailable)
rNeg    . . .        (body armour unavailable)
rPois   .            (helmet unavailable)
rElec   .            (cloak unavailable)
rCorr   .            (gloves unavailable)
SInv    +            (boots unavailable)
Will    +....        (no amulet)
Stlth   ++           a - +27000 ring of slaying
HPRegen 0.28/turn    (no ring)
MPRegen 0.24/turn

%: no teleportation
@: quick
A: very small, claws 1, fangs 3, see invisible, speed 1, shaggy fur 3, stealthy
paws, no weapons or thrown items, no armour, multi-lived
a: no special abilities


You were in the Dungeon.
You visited 1 branch

Inventory:

Jewellery
 a - a +27000 ring of slaying (left paw)
Scrolls
 z - 2 scrolls of blinking
Potions
 e - 2 potions of magic
 f - a potion of berserk rage
 h - a potion of haste
 q - a potion of curing
 w - a potion of heal wounds


   Skills:
 - Level 2.0 Fighting
 - Level 3.2 Dodging
 - Level 24.8 Unarmed Combat
 + Level 17.3 Spellcasting
 + Level 25.6 Translocations


You had 46 spell levels left.
You didn't know any spells.
Your spell library contained the following spells:

 Spells                   Type           Power      Damage    Failure   Level
 Blink                    Tloc           100%       N/A       0%          2
 Lesser Beckoning         Tloc           100%       N/A       0%          2
 Teleport Other           Tloc           74%        N/A       0%          3
 Manifold Assault         Tloc           74%        N/A       0%          4
 Vhi's Electric Charge    Tloc/Air       100%       N/A       1%          4


Dungeon Overview and Level Annotations

Branches:
Dungeon (1/1) Zot: 27000

Altars:
Makhleb


Innate Abilities, Weirdness & Mutations

You have sharp claws.
You have razor-sharp teeth.
You have supernaturally acute eyesight. (SInv)
You cover ground quickly. (Speed+)
Your thick and shaggy fur keeps you warm. (AC +3, rC+)
Your paws help you pounce on unaware monsters.
You are incapable of wielding weapons or throwing items.
You cannot wear armour.
You gain extra lives every three experience levels.


Message History

The meat berserker appears out of thin air!
A meat berserker comes into view. It is wielding a +9 battleaxe.
The meat berserker shouts!
A bag of meat comes into view. It is wielding a +9 war axe. x2
The bag of meat shouts! x2
You eviscerate the bag of meat!!!!!!!!!!!
You kill the bag of meat!
The bag of meat appears out of thin air!
A bag of meat comes into view. It is wielding a +9 war axe.
The bag of meat appears out of thin air!
A bag of meat comes into view. It is wielding a +9 war axe.
The bag of meat shouts! x2
A bag of meat comes into view. It is wielding a +9 war axe. x2
Your Unarmed Combat skill gained 22 levels and is now at level 24!
You have reached level 2!
You have reached level 3!
Your experience leads to an increase in your attributes!
Increase (s)trength, (i)ntelligence, or (d)exterity?
You feel agile. x2
You have reached level 4!
Extra life!
You have reached level 5!
You feel clever.
You have reached level 6!
Your fur grows into a thick mane.
You have reached level 7!
You have reached level 8!
You have reached level 9!
Your experience leads to an increase in your attributes!
Increase (s)trength, (i)ntelligence, or (d)exterity?
You feel agile. x2
You have reached level 10!
You feel agile.
Unknown command.
You don't know any spells.
Unknown command.
Okay, then.
Okay, then.
Okay, then.
Press: ? - help, v - describe, . - travel
Here: a meat berserker, wielding a +9 battleaxe and wearing a +30 ring of slaying (berserk)
The floor.
A bag of meat comes into view. It is wielding a +9 war axe.
The bag of meat shouts!
You hear a shout!
The meat berserker rages.
The meat berserker closely misses you.
You eviscerate the meat berserker!!!!!!!!!!!!
You kill the meat berserker!
The meat berserker appears out of thin air!
A meat berserker comes into view. It is wielding a +9 battleaxe.
You hear a shout!
A meat berserker comes into view. It is wielding a +9 battleaxe.
Your Spellcasting skill gained 11 levels and is now at level 13!
Your Translocations skill gained 16 levels and is now at level 20!
You have reached level 11!
You have reached level 12!
Your thick fur grows shaggy and warm.
The bag of meat appears out of thin air!
A bag of meat comes into view. It is wielding a +9 war axe.
A meat berserker comes into view. It is wielding a +9 battleaxe.
The meat berserker appears out of thin air!
A meat berserker comes into view. It is wielding a +9 battleaxe.
The bag of meat shouts!
The meat berserker shouts!
The meat berserker hits you with a +9 battleaxe!!
Ouch! That really hurt!
The meat berserker hits you with a +9 battleaxe!!!
Ouch! That really hurt!
You die...
A bag of meat comes into view. It is wielding a +9 war axe.
You hear a shout! x2
You rejoin the land of the living...
A meat berserker and 4 bags of meat come into view.
Memorise Manifold Assault, consuming 4 spell levels and leaving 34?
The meat berserker appears out of thin air!
The bag of meat shouts!
The meat berserker shouts!
The bag of meat shouts! x3
You hear a shout! x4
You start memorising the spell.
You continue memorising.
The bag of meat shouts!
The meat berserker misses you.
You continue memorising.
The bag of meat shouts!
You hear a shout!
The meat berserker closely misses you.
You continue memorising.
The bag of meat appears out of thin air!
The bag of meat shouts! x3; You hear a shout!
The meat berserker hits you with a +9 battleaxe!!
Your memorisation is interrupted.
A meat berserker comes into view. It is wielding a +9 battleaxe.
You don't know any spells.
Unknown command.
You eviscerate the meat berserker!!!!!!!!!!!
You kill the meat berserker!
Your Spellcasting skill gained 4 levels and is now at level 17!
Your Translocations skill gained 5 levels and is now at level 25!
You have reached level 13!
Extra life!
The meat berserker hits you with a +9 battleaxe!!!!
Ouch! That really hurt!
You die...
A bag of meat comes into view. It is wielding a +9 war axe.
The bag of meat barely misses you.
A bag of meat comes into view. It is wielding a +9 war axe.
You rejoin the land of the living... 2 meat berserkers come into view.
Memorise Manifold Assault, consuming 4 spell levels and leaving 42?
The meat berserker shouts! x2
You start memorising the spell.
You continue memorising.
The bag of meat appears out of thin air!
The bag of meat shouts! x2
The meat berserker misses you.
The meat berserker hits you with a +9 battleaxe!!!
Ouch! That really hurt!
Your memorisation is interrupted.
You die...
A bag of meat comes into view. It is wielding a +9 war axe.
The bag of meat hits you with a +9 war axe!!!
A bag of meat comes into view. It is wielding a +9 war axe.
You rejoin the land of the living... 4 bags of meat come into view.
Memorise Manifold Assault, consuming 4 spell levels and leaving 42?
The meat berserker appears out of thin air!
The bag of meat shouts! x3; The meat berserker shouts!
The bag of meat shouts!
You hear a shout! x6
You start memorising the spell.
You continue memorising.
The bag of meat shouts! x5; You hear two shouts!
You hear a shout!
The meat berserker rages.
You continue memorising.
The destroyer appears out of thin air!
The bag of meat shouts!
The destroyer shouts!
You hear a shout!
You continue memorising.
The bag of meat shouts!
You hear a shout!
The meat berserker hits you with a +9 battleaxe!!!
Ouch! That really hurt!
* * * LOW HITPOINT WARNING * * *
Your memorisation is interrupted.
A bag of meat comes into view. It is wielding a +9 war axe.
The meat berserker rages.
A bag of meat comes into view. It is wielding a +9 war axe.
The destroyer points at you and mumbles some strange words.
The destroyer blinks!
A bag of meat comes into view. It is wielding a +9 war axe. x2
You hear a shout!
You don't know any spells.
The bag of meat shouts! x3
You eviscerate the meat berserker!!!!!!!!!!!!
You kill the meat berserker!
You hear a shout! x4
The meat berserker hits you with a +9 battleaxe!!!
Ouch! That really hurt!
You die...

... o.........#.#......
oo.# ...o.........o..O##
#...#..o..........oo....
....o#ooo.V.............
...oo...............O...
o..oO..ooO.o....ooo..o..
#...oO)oO#.......#oOoo..
#.O.@.#..O.oO.#†Oo...
#...o..###.oO†o..###O..o
............###.O.o..o..
....#.....O.†O....... ..
..# ......#o.o).#.... .
o ...... #_oo._# ...
#..... #.....# .. ..#..
....._..Oo. .
.o....###......


You could see a destroyer, 5 meat berserkers and 19 bags of meat.

Vanquished Creatures
  3 ogres (D)
  An orc (D)
4 creatures vanquished.

Notes
Turn   | Place    | Note
-------+----------+-------------------------------------------
     0 | D        | sentinel the Felid Warper began the quest for the Orb.
     0 | D        | Reached XP level 1. HP: 9/9 MP: 4/4
     0 | D        | Noticed a bag of meat
     2 | D        | Noticed a meat berserker
     2 | D        | Noticed a bag of meat
     2 | D        | Noticed a bag of meat
     3 | D        | Killed a bag of meat
     3 | D        | Noticed a bag of meat
     3 | D        | Noticed a bag of meat
     3 | D        | Noticed a bag of meat
     3 | D        | Noticed a bag of meat
     4 | D        | Reached XP level 2. HP: 13/13 MP: 6/6
     4 | D        | Reached XP level 3. HP: 16/16 MP: 7/7
     4 | D        | Reached XP level 4. HP: 19/19 MP: 8/8
     4 | D        | Reached XP level 5. HP: 22/22 MP: 9/9
     4 | D        | Gained mutation: You are covered in thick fur. (AC +2)
                  | [Felid growth]
     4 | D        | Reached XP level 6. HP: 26/26 MP: 10/10
     4 | D        | Reached XP level 7. HP: 30/30 MP: 11/11
     4 | D        | Reached XP level 8. HP: 33/33 MP: 12/12
     4 | D        | Reached XP level 9. HP: 36/36 MP: 13/13
     4 | D        | Reached XP level 10. HP: 40/40 MP: 14/14
     4 | D        | Noticed a bag of meat
     7 | D        | Killed a meat berserker
     7 | D        | Noticed a meat berserker
     8 | D        | Reached skill level 20 in Translocations
     8 | D        | Reached XP level 11. HP: 43/43 MP: 14/29
     8 | D        | Gained mutation: Your thick and shaggy fur keeps you warm.
                  | (AC +3, rC+) [Felid growth]
     8 | D        | Reached XP level 12. HP: 46/46 MP: 14/30
     8 | D        | Noticed a meat berserker
     8 | D        | Noticed a meat berserker
     9 | D        | Noticed a bag of meat
     9 | D        | Noticed a meat berserker
     9 | D        | Annihilated by a meat berserker
     9 | D        | Noticed a bag of meat
    10 | D        | Noticed a bag of meat
    10 | D        | Noticed a meat berserker
    10 | D        | Noticed a bag of meat
    10 | D        | Noticed a bag of meat
    10 | D        | Noticed a bag of meat
    10 | D        | Noticed a meat berserker
    10 | D        | Noticed a bag of meat
    10 | D        | Noticed a meat berserker
    11 | D        | Noticed a meat berserker
    11 | D        | Noticed a bag of meat
    11 | D        | Noticed a bag of meat
    11 | D        | Noticed a meat berserker
    12 | D        | Noticed a bag of meat
    12 | D        | Noticed a bag of meat
    13 | D        | Noticed a bag of meat
    13 | D        | Noticed a bag of meat
    13 | D        | Noticed a meat berserker
    14 | D        | Killed a meat berserker
    15 | D        | Reached skill level 25 in Translocations
    15 | D        | Reached XP level 13. HP: 30/49 MP: 30/35
    15 | D        | Annihilated by a meat berserker
    15 | D        | Noticed a bag of meat
    15 | D        | Noticed a bag of meat
    16 | D        | Noticed a meat berserker
    16 | D        | Noticed a meat berserker
    16 | D        | Noticed a bag of meat
    17 | D        | Noticed a bag of meat
    17 | D        | Noticed a bag of meat
    17 | D        | Demolished by a meat berserker
    17 | D        | Noticed a bag of meat
    17 | D        | Noticed a bag of meat
    18 | D        | Noticed a bag of meat
    18 | D        | Noticed a bag of meat
    18 | D        | Noticed a bag of meat
    18 | D        | Noticed a bag of meat
    18 | D        | Noticed a meat berserker
    18 | D        | Noticed a meat berserker
    18 | D        | Noticed a meat berserker
    18 | D        | Noticed a bag of meat
    18 | D        | Noticed a bag of meat
    18 | D        | Noticed a bag of meat
    18 | D        | Noticed a bag of meat
    18 | D        | Noticed a bag of meat
    19 | D        | Noticed a meat berserker
    19 | D        | Noticed a bag of meat
    20 | D        | Noticed a destroyer
    20 | D        | Noticed a bag of meat
    20 | D        | Noticed a bag of meat
    20 | D        | Noticed a bag of meat
    21 | D        | Noticed a bag of meat
    21 | D        | Noticed a bag of meat
    21 | D        | Noticed a bag of meat
    21 | D        | Noticed a bag of meat
    22 | D        | Killed a meat berserker
    22 | D        | Annihilated by a meat berserker

Illustrated notes

Levels and vault maps discovered:
D:        meatsprint

Skill      XL: |  1  2  3  4  5  6  7  8  9 10 11 12 |
---------------+-------------------------------------+-----
Unarmed Combat | 24 | 24.8
Spellcasting   | 13 17 | 17.3
Translocations | 20 25 | 25.6
Fighting       | |  2.0
Dodging        | |  3.2

Action                     |  1- 3 |  4- 6 |  7- 9 | 10-12 | 13-15 || total
---------------------------+-------+-------+-------+-------+-------++-------
  Melee: Unarmed           |     1 |       |       |     2 |     1 ||     4
 Armour: Skin              |       |       |       |     3 |     5 ||     8
  Dodge: Dodged            |       |       |       |     3 |     2 ||     5

Table legend: (Time is in decaauts)
 A = Elapsed time spent in this place.
 B = Non-inter-level travel time spent in this place.
 C = Inter-level travel time spent in this place.
 D = Time resting spent in this place.
 E = Time spent auto-exploring this place.
 F = Levels seen in this place.
 G = Mean time per level.
                   A        B        C        D        E       F      G
               +--------+--------+--------+--------+--------+-----+--------+
         Total |     20 |     20 |      0 |      0 |      0 |   1 |   20.0 |
       Dungeon |     20 |     20 |      0 |      0 |      0 |   1 |   20.0 |
               +--------+--------+--------+--------+--------+-----+--------+

Top non-repeatable levels by time:
       D: 20 daAuts
